 Dungeon Crawl Stone Soup version 0.32-a0-818-gb728d0252e (webtiles) character file.

Game seed: 12331014773203426183

858 greenreed the Shooter (level 8, -1/61 HPs)
             Began as a Coglin Hunter on Mar 24, 2024.
             Was an Initiate of Gozag.
             Slain by a killer bee (7 damage)
             ... on level 6 of the Dungeon.
             The game lasted 00:06:38 (4831 turns).

greenreed the Shooter (Coglin Hunter)               Turns: 4831, Time: 00:06:39

Health: -1/61      AC:  5    Str: 11    XL:     8   Next: 2%
Magic:  8/8        EV: 13    Int:  9    God:    Gozag
Gold:   154        SH:  0    Dex: 20    Spells: 7/7 levels left

rFire   . . .        a - +2 sling {Gustavo}
rCold   . . .        d - +0 sling {Fernanda}
rNeg    . . .        c - +0 leather armour
rPois   .            k - +0 helmet
rElec   .            u - +0 cloak
rCorr   .            (no gloves)
SInv    .            (no boots)
Will    .....        (amulet unavailable)
Stlth   ++           (ring unavailable)
HPRegen 0.30/turn    (ring unavailable)
MPRegen 0.11/turn    (no gizmo)

%: no passive effects
@: revved
A: off-hand wielding, slow wielding, warmup strikes, no jewellery
a: Invent Gizmo, Renounce Religion, Potion Petition, Call Merchant, Bribe Branch


You were on level 6 of the Dungeon.
You worshipped Gozag.
Gozag was aware of your devotion.
You visited 2 branches of the dungeon, and saw 7 of its levels.

You collected 256 gold pieces.
You spent 14 gold pieces at shops.
You paid 88 gold pieces to Gozag.

Inventory:

Hand Weapons
 a - a +2 sling (weapon) {Gustavo}
 d - a +0 sling (offhand) {Fernanda}
Armour
 c - a +0 leather armour (worn)
 k - a +0 helmet (worn)
 u - a +0 cloak (worn)
Wands
 p - a wand of iceblast (6)
 s - a wand of paralysis (3)
Scrolls
 b - a scroll of butterflies
 e - 4 scrolls of identify {unknown}
 f - a scroll of fear {unknown}
 g - 2 scrolls of revelation {unknown}
 l - 2 scrolls of immolation {unknown}
 m - 2 scrolls of vulnerability {unknown}
 o - a scroll of enchant weapon {unknown}
 q - a scroll of silence {unknown}
 r - a scroll of noise {unknown}
 v - a scroll of amnesia {unknown}
Potions
 h - 2 potions of curing {unknown}
 i - 2 potions of might {unknown}
 j - 4 potions of enlightenment {unknown}
 n - a potion of lignification {unknown}
 t - a potion of magic {unknown}
 w - a potion of ambrosia {unknown}


   Skills:
 + Level 4.7 Fighting
 * Level 6.8 Ranged Weapons
 + Level 4.2 Dodging
 - Level 0.7 Stealth


You had 7 spell levels left.
You didn't know any spells.
Your spell library contained the following spells:

 Spells                   Type           Power      Damage    Failure   Level
 Freeze                   Ice            0%         1d3       47%         1
 Magic Dart               Conj           0%         1d3       47%         1
 Blink                    Tloc           0%         N/A       63%         2
 Call Imp                 Summ           0%         N/A       63%         2
 Lesser Beckoning         Tloc           0%         N/A       63%         2
 Momentum Strike          Conj/Tloc      0%         3d8       63%         2
 Frozen Ramparts          Ice            0%         1d1       85%         3
 Hailstorm                Conj/Ice       0%         3d5       85%         3


Dungeon Overview and Level Annotations

Branches:
Dungeon (6/15)             Temple (1/1) D:6

Altars:
Ashenzari
Cheibriados
Dithmenos
Elyvilon
Fedhas
Gozag
Hepliaklqana
Makhleb
Nemelex Xobeh
Okawaru
Ru
Sif Muna
Trog
Uskayaw
Vehumet
Wu Jian
Yredelemnul
Zin
The Shining One

Shops:
D:1 !


Innate Abilities, Weirdness & Mutations

You can wield a second weapon in your off-hand.
It takes a long time for you to wield or remove held weapons.
Your first few attacks do less damage.
You cannot equip rings or amulets.


Message History

The killer bee stings you but does no damage.
You have reached level 8!
You feel agile.
You shoot a sling bullet. The sling bullet hits the killer bee.
The killer bee is moderately wounded.
You shoot a sling bullet. The sling bullet misses the killer bee.
You feel sick.
You are no longer poisoned.
The killer bee barely misses you. The killer bee stings you!
* * * LOW HITPOINT WARNING * * *
Unknown command.
You shoot a sling bullet.
The sling bullet hits the killer bee but does no damage.
The killer bee is moderately wounded.
You shoot a sling bullet. The sling bullet misses the killer bee.
The killer bee misses you. The killer bee barely misses you.
You shoot a sling bullet.
The sling bullet closely misses the killer bee.
You shoot a sling bullet.
The sling bullet closely misses the killer bee.
The killer bee is distracted by your dazzling golden aura.
You shoot a sling bullet.
The sling bullet hits the killer bee but does no damage.
The killer bee is no longer distracted by gold.
The killer bee is moderately wounded.
You shoot a sling bullet. The sling bullet hits the killer bee!
The killer bee is severely wounded.
The killer bee misses you. The killer bee barely misses you.
You shoot a sling bullet.
The sling bullet closely misses the killer bee.
You shoot a sling bullet. The sling bullet misses the killer bee.
The killer bee barely misses you.
The killer bee stings you but does no damage.
Unknown command.
You shoot a sling bullet. The sling bullet misses the killer bee.
You shoot a sling bullet. The sling bullet hits the killer bee.
The killer bee is almost dead.
The killer bee stings you!
You die...
Your body crumbles into a pile of gold.

### ... ##.#y.
####.....
#######....#
#........$.#
#.##...##y##
#.##...##@#
#.........#
#....>....###
#.............
##
#.##...##.####
.. #.##...##.#
## #.........#
###.....###
####..#


You could see a killer bee.

Vanquished Creatures
  An ogre (D:5)
  A centaur (D:5)
  A scorpion (D:4)
  3 killer bees (D:6)
  A bombardier beetle (D:6)
  A hound (D:5)
  2 jellies
  An orc priest (D:5)
  2 iguanas (D:5)
  3 orc wizards
  Robin (D:2)
  4 gnolls
  7 adders
  4 dart slugs
  3 ribbon worms
  12 orcs
  6 ball pythons
  6 bats
  9 endoplasms
  A giant cockroach (D:1)
  14 goblins
  8 hobgoblins
  9 kobolds
  2 quokkas
  2 frilled lizards (D:2)
  5 rats
109 creatures vanquished.

Notes
Turn   | Place    | Note
-------+----------+-------------------------------------------
     0 | D:1      | greenreed the Coglin Hunter began the quest for the Orb.
     0 | D:1      | Reached XP level 1. HP: 16/16 MP: 1/1
   320 | D:1      | Reached XP level 2. HP: 22/22 MP: 2/2
   392 | D:1      | Found Laumnafu's Distillery.
   399 | D:1      | Bought a potion of degeneration for 14 gold pieces
   804 | D:2      | Noticed Robin
   809 | D:1      | Reached skill level 4 in Ranged Weapons
   928 | D:2      | Reached XP level 3. HP: 28/28 MP: 3/3
   932 | D:2      | Killed Robin
  1099 | D:2      | Reached XP level 4. HP: 34/34 MP: 4/4
  1907 | D:3      | Reached XP level 5. HP: 23/40 MP: 5/5
  2013 | D:3      | Found a faded altar of an unknown god.
  2350 | D:3      | Reached skill level 5 in Ranged Weapons
  2682 | D:4      | Reached XP level 6. HP: 25/47 MP: 6/6
  3012 | D:4      | Identified the ring of Wetson {rC+ MP+9 Stlth+}
  3564 | D:5      | Entered Level 5 of the Dungeon
  3773 | D:5      | Noticed an orc warrior
  3967 | D:5      | Reached XP level 7. HP: 53/53 MP: 7/7
  4029 | D:5      | Reached skill level 6 in Ranged Weapons
  4457 | D:6      | Found a glowing golden altar of the Shining One.
  4617 | D:6      | Found a glowing silver altar of Zin.
  4681 | D:6      | Found a staircase to the Ecumenical Temple.
  4693 | Temple   | Entered the Ecumenical Temple
  4747 | Temple   | Became a worshipper of Gozag Ym Sagoz the Greedy
  4826 | D:6      | Reached XP level 8. HP: 12/61 MP: 8/8
  4831 | D:6      | Slain by a killer bee

Illustrated notes

Levels and vault maps discovered:
D:1:      dpeg_arrival_simpleton_a, layout_basic, serial_shops,
          nicolae_shop_industrial_runoff
D:2:      layout_basic, uniq_robin
D:3:      layout_loops_ring, nicolae_ecumenical_snake_handling,
          serial_park_tiny_2, skrybe_limestone_x
D:4:      layout_cave_pods
D:5:      layout_basic
D:6:      layout_loops_ring, nicolae_tso_swordbearing_angel, zin_academy,
          minmay_temple_entry_stoned_glass
Temple:   minmay_crystal_spiral_temple

Skill      XL: |  1  2  3  4  5  6  7 |
---------------+----------------------+-----
Dodging        | 2 3 4 |  4.2
Ranged Weapons | 4 5 6 |  6.8
Fighting       | 3 4 |  4.7
Stealth        | |  0.7

Action                     |  1- 3 |  4- 6 |  7- 9 || total
---------------------------+-------+-------+-------++-------
   Fire: Sling             |   144 |   312 |   150 ||   606
 Armour: Leather armour    |    18 |    52 |    41 ||   111
  Dodge: Dodged            |    16 |    35 |    45 ||    96

Table legend: (Time is in decaauts)
 A = Elapsed time spent in this place.
 B = Non-inter-level travel time spent in this place.
 C = Inter-level travel time spent in this place.
 D = Time resting spent in this place.
 E = Time spent auto-exploring this place.
 F = Levels seen in this place.
 G = Mean time per level.
                   A        B        C        D        E       F      G
               +--------+--------+--------+--------+--------+-----+--------+
         Total |   4889 |   4583 |    306 |    485 |   3456 |   7 |  698.4 |
       Dungeon |   4780 |   4580 |    200 |    485 |   3456 |   6 |  796.7 |
        Temple |    108 |      2 |    106 |      0 |      0 |   1 |  108.0 |
               +--------+--------+--------+--------+--------+-----+--------+

Top non-repeatable levels by time:
     D:4: 1183 daAuts
     D:2: 977 daAuts
     D:1: 890 daAuts
     D:3: 817 daAuts
     D:6: 608 daAuts
     D:5: 303 daAuts
  Temple: 108 daAuts
